PCL
LANSING LUGNUTS @ HOUSTON HAMMERTIME
06/08/2023
 
TOP OF THE 1ST
Lansing Lugnuts batting - Pitching for Houston Hammertime : RHP Manny Estrada
Pitching: RHP Manny Estrada
Batting: LHB Pedro Padilla 0-0: Called Strike
0-1: Fly out, F6 (Line Drive, 6)
Batting: RHB Gilberto López 0-0: Called Strike
0-1: Ball
1-1: SOLO HOME RUN (Flyball, 78XD), Distance : 394 ft
Batting: LHB Lewis Barr 0-0: Ball
1-0: Ball
2-0: Ball
3-0: SINGLE (Flyball, 7S)
Batting: RHB Jesús Torres 0-0: Ball
1-0: Ball
2-0: Called Strike
2-1: Ball
3-1: Swinging Strike
3-2: Base on Balls
Lewis Barr to second
Batting: RHB Steve Hathaway 0-0: Ball
1-0: Ball
2-0: Ball
3-0: Base on Balls
Lewis Barr to third
Jesús Torres to second
Batting: RHB Rafael González 0-0: Called Strike
0-1: Ball
1-1: Foul Ball, location: 2F
1-2: Ball
2-2: Foul Ball, location: 2F
2-2: Ball
3-2: Base on Balls
Lewis Barr scores
Jesús Torres to third
Steve Hathaway to second
Batting: RHB Júlio Caraballo 0-0: Called Strike
0-1: Called Strike
0-2: Foul Ball, location: 2F
0-2: Ball
1-2: Foul Ball, location: 2F
1-2: SINGLE (Line Drive, 34)
Jesús Torres scores
Steve Hathaway to third
Rafael González to second
Throwing error, E9
Steve Hathaway scores
Rafael González to third
Júlio Caraballo to second
Batting: RHB Tony Reyes 0-0: Ground out 6-3 (Groundball, 6M)
Rafael González scores
Júlio Caraballo to third
Batting: RHB Wallace Franklin 0-0: Swinging Strike
0-1: Swinging Strike
0-2: Fly out, F9 (Flyball, 89M)
Top of the 1st over - 5 run(s), 3 hit(s), 1 error(s), 1 left on base; Lansing 5 - Houston 0
BOTTOM OF THE 1ST
Houston Hammertime batting - Pitching for Lansing Lugnuts : RHP David Ramos
Pitching: RHP David Ramos
Batting: RHB John Pick 0-0: Ball
1-0: Ball
2-0: Foul Ball, location: 2F
2-1: Foul Ball, location: 2F
2-2: Ball
3-2: Foul Ball, location: 2F
3-2: Base on Balls
Batting: LHB José Villegas 0-0: Called Strike
0-1: Ball
1-1: Called Strike
1-2: Ball
2-2: Fly out, F4 (Popup, 4)
Batting: RHB Buck Jones 0-0: Ball
1-0: Ball
2-0: Called Strike
2-1: Foul Ball, location: 2F
2-2: Ball
3-2: Foul Ball, location: 2F
3-2: Grounds into double play, 4-6-3 (Groundball, 4)
Bottom of the 1st over - 0 run(s), 0 hit(s), 0 error(s), 0 left on base; Lansing 5 - Houston 0
TOP OF THE 2ND
Lansing Lugnuts batting - Pitching for Houston Hammertime : RHP Manny Estrada
Batting: LHB Pedro Padilla 0-0: Foul Ball, location: 2F
0-1: Ball
1-1: Fly out, F7 (Flyball, 78S)
Batting: RHB Gilberto López 0-0: Swinging Strike
0-1: SINGLE (Flyball, 89S)
Batting: LHB Lewis Barr 0-0: Called Strike
Gilberto López steals 2nd base
0-1: Called Strike
0-2: SINGLE (Groundball, 6M)
Gilberto López to third
Runner from 3rd tries for Home, SAFE, throw made home
Lewis Barr to second
Batting: RHB Jesús Torres 0-0: Called Strike
0-1: Ball
1-1: Called Strike
1-2: Ball
2-2: Ball
3-2: Foul Ball, location: 2F
3-2: Base on Balls
Batting: RHB Steve Hathaway 0-0: Called Strike
Lewis Barr is caught stealing 3rd base
Jesús Torres to second
0-1: Swinging Strike
0-2: Fly out, F2 (Popup, 2RF)
Top of the 2nd over - 1 run(s), 2 hit(s), 0 error(s), 1 left on base; Lansing 6 - Houston 0
BOTTOM OF THE 2ND
Houston Hammertime batting - Pitching for Lansing Lugnuts : RHP David Ramos
Batting: SHB Cristo Ontiveros 0-0: Called Strike
0-1: Ball
1-1: Ball
2-1: Ball
3-1: Called Strike
3-2: Base on Balls
Batting: RHB Gerald Burnett 0-0: Foul Ball, location: 2F
0-1: Foul Ball, location: 2F
0-2: Strikes out swinging
Batting: RHB Emílio Carrillo 0-0: Ball
Cristo Ontiveros is caught stealing 2nd base
1-0: Ball
2-0: Called Strike
2-1: Fly out, F8 (Flyball, 8LXD)
Bottom of the 2nd over - 0 run(s), 0 hit(s), 0 error(s), 0 left on base; Lansing 6 - Houston 0
TOP OF THE 3RD
Lansing Lugnuts batting - Pitching for Houston Hammertime : RHP Manny Estrada
Batting: RHB Rafael González 0-0: Foul Ball, location: 2F
0-1: Swinging Strike
0-2: Ground out 5-3 (Groundball, 56)
Batting: RHB Júlio Caraballo 0-0: Ball
1-0: Ball
2-0: Ball
3-0: Base on Balls
Batting: RHB Tony Reyes 0-0: Fly out, F9 (Flyball, 89M)
Batting: RHB Wallace Franklin 0-0: Ball
1-0: Fielders Choice at 2nd, 6-4 (Groundball, 6)
Top of the 3rd over - 0 run(s), 0 hit(s), 0 error(s), 0 left on base; Lansing 6 - Houston 0
BOTTOM OF THE 3RD
Houston Hammertime batting - Pitching for Lansing Lugnuts : RHP David Ramos
Batting: RHB Santo Cruz 0-0: Called Strike
0-1: Swinging Strike
0-2: Strikes out swinging
Batting: RHB Mario Beltrán 0-0: Called Strike
0-1: Ball
1-1: Ball
2-1: SOLO HOME RUN (Flyball, 78XD), Distance : 383 ft
Pitching: RHP Ignacio Ríos
Batting: LHB Fernando Camacho 0-0: Ball
1-0: Foul Ball, location: 2F
1-1: SINGLE (Flyball, 6MD)
Batting: RHB John Pick 0-0: Ball
1-0: Foul Ball, location: 2F
1-1: Grounds into double play, 5-4-3 (Groundball, 5L)
Bottom of the 3rd over - 1 run(s), 2 hit(s), 0 error(s), 0 left on base; Lansing 6 - Houston 1
TOP OF THE 4TH
Lansing Lugnuts batting - Pitching for Houston Hammertime : RHP Manny Estrada
Batting: LHB Pedro Padilla 0-0: Ground out 4-3 (Groundball, 4)
Batting: RHB Gilberto López 0-0: Called Strike
0-1: Ball
1-1: Fly out, F1 (Popup, 23)
Batting: LHB Lewis Barr 0-0: Ball
1-0: SINGLE (Popup, 56D)
Batting: RHB Jesús Torres 0-0: 2-RUN HOME RUN (Flyball, 7D), Distance : 342 ft
Pitching: RHP Ramiro Rivera
Batting: RHB Steve Hathaway 0-0: Ball
1-0: Swinging Strike
1-1: Foul Ball, location: 2F
1-2: Foul Ball, location: 2F
1-2: Ball
2-2: DOUBLE (Flyball, 89D)
Batting: RHB Rafael González 0-0: Fly out, F8 (Flyball, 8RD)
Top of the 4th over - 2 run(s), 3 hit(s), 0 error(s), 1 left on base; Lansing 8 - Houston 1
BOTTOM OF THE 4TH
Houston Hammertime batting - Pitching for Lansing Lugnuts : RHP Ignacio Ríos
Batting: LHB José Villegas 0-0: Ball
1-0: Fly out, F9 (Flyball, 89M)
Batting: RHB Buck Jones 0-0: Ball
1-0: Ball
2-0: Ball
3-0: Called Strike
3-1: Called Strike
3-2: Foul Ball, location: 2F
3-2: Strikes out swinging
Batting: SHB Cristo Ontiveros 0-0: Ball
1-0: Foul Ball, location: 2F
1-1: Ball
2-1: Foul Ball, location: 2F
2-2: Fly out, F7 (Line Drive, 78S)
Bottom of the 4th over - 0 run(s), 0 hit(s), 0 error(s), 0 left on base; Lansing 8 - Houston 1
TOP OF THE 5TH
Lansing Lugnuts batting - Pitching for Houston Hammertime : RHP Ramiro Rivera
Batting: RHB Júlio Caraballo 0-0: SOLO HOME RUN (Flyball, 7D), Distance : 359 ft
Batting: RHB Tony Reyes 0-0: SINGLE (Line Drive, 7S)
Batting: RHB Wallace Franklin 0-0: Called Strike
0-1: Swinging Strike
0-2: Strikes out looking
Batting: LHB Pedro Padilla 0-0: Grounds into double play, U4-3 (Groundball, 4)
Top of the 5th over - 1 run(s), 2 hit(s), 0 error(s), 0 left on base; Lansing 9 - Houston 1
BOTTOM OF THE 5TH
Houston Hammertime batting - Pitching for Lansing Lugnuts : RHP Ignacio Ríos
Pitching: RHP Aaron Abrams
Batting: RHB Gerald Burnett 0-0: Ball
1-0: Ball
2-0: Ball
3-0: Called Strike
3-1: Swinging Strike
3-2: Foul Ball, location: 2F
3-2: Strikes out looking
Batting: RHB Emílio Carrillo 0-0: Fly out, F4 (Popup, 4)
Batting: RHB Santo Cruz 0-0: Foul Ball, location: 2F
0-1: Ball
1-1: Ball
2-1: SINGLE (Groundball, 56D)
Batting: RHB Mario Beltrán 0-0: Called Strike
Santo Cruz steals 2nd base
0-1: Foul Ball, location: 2F
0-2: Foul Ball, location: 2F
0-2: Ball
1-2: Strikes out swinging
Bottom of the 5th over - 0 run(s), 1 hit(s), 0 error(s), 1 left on base; Lansing 9 - Houston 1
TOP OF THE 6TH
Lansing Lugnuts batting - Pitching for Houston Hammertime : RHP Ramiro Rivera
Batting: RHB Gilberto López 0-0: Called Strike
0-1: Ball
1-1: Ball
2-1: Called Strike
2-2: Ball
3-2: Foul Ball, location: 2F
3-2: Foul Ball, location: 2F
3-2: Foul Ball, location: 2F
3-2: Reached on error, E4 (Groundball, 4)
Batting: LHB Lewis Barr 0-0: Called Strike
0-1: Grounds into double play, 6-4-3 (Groundball, 6)
Batting: RHB Jesús Torres 0-0: Ball
1-0: Called Strike
1-1: Foul Ball, location: 2F
1-2: Ball
2-2: Ball
3-2: Foul Ball, location: 2F
3-2: Fly out, F2 (Popup, 2RF)
Top of the 6th over - 0 run(s), 0 hit(s), 1 error(s), 0 left on base; Lansing 9 - Houston 1
BOTTOM OF THE 6TH
Houston Hammertime batting - Pitching for Lansing Lugnuts : RHP Aaron Abrams
Batting: LHB Fernando Camacho 0-0: Fly out, F4 (Line Drive, 4MD)
Batting: RHB John Pick 0-0: Hit by Pitch
Batting: LHB José Villegas 0-0: Called Strike
Throwing error on steal attempt, E2
John Pick to third
0-1: Fly out, F7 (Flyball, 78M)
Runner from 3rd tags up, SCORES, no throw
Batting: RHB Buck Jones 0-0: Ball
1-0: Foul Ball, location: 2F
1-1: Ground out 6-3 (Groundball, 6)
Bottom of the 6th over - 1 run(s), 0 hit(s), 1 error(s), 0 left on base; Lansing 9 - Houston 2
TOP OF THE 7TH
Lansing Lugnuts batting - Pitching for Houston Hammertime : RHP Ramiro Rivera
Pitching: RHP León Gómez
Batting: RHB Steve Hathaway 0-0: Ball
1-0: Foul Ball, location: 2F
1-1: Called Strike
1-2: Ball
2-2: Strikes out swinging
Batting: RHB Rafael González 0-0: Called Strike
0-1: Ball
1-1: Foul Ball, location: 2F
1-2: Ball
2-2: Ball
3-2: Fly out, F9 (Flyball, 9M)
Batting: RHB Júlio Caraballo 0-0: Ball
1-0: SINGLE (Line Drive, 8RS)
Batting: RHB Tony Reyes 0-0: Ball
1-0: Ball
2-0: Ball
3-0: Base on Balls
Júlio Caraballo to second
Batting: RHB Wallace Franklin 0-0: Ball
1-0: Foul Ball, location: 2F
1-1: Foul Ball, location: 2F
1-2: Strikes out looking
Top of the 7th over - 0 run(s), 1 hit(s), 0 error(s), 2 left on base; Lansing 9 - Houston 2
BOTTOM OF THE 7TH
Houston Hammertime batting - Pitching for Lansing Lugnuts : RHP Aaron Abrams
Pitching: RHP Bob Newton
Batting: SHB Cristo Ontiveros 0-0: Ground out 4-3 (Groundball, 4)
Batting: RHB Gerald Burnett 0-0: Swinging Strike
0-1: Foul Ball, location: 2F
0-2: Ball
1-2: Ball
2-2: Foul Ball, location: 2F
2-2: Ground out 6-3 (Groundball, 6)
Batting: RHB Emílio Carrillo 0-0: Swinging Strike
0-1: Ground out 6-3 (Groundball, 6)
Bottom of the 7th over - 0 run(s), 0 hit(s), 0 error(s), 0 left on base; Lansing 9 - Houston 2
TOP OF THE 8TH
Lansing Lugnuts batting - Pitching for Houston Hammertime : RHP León Gómez
Batting: LHB Pedro Padilla 0-0: Foul Ball, location: 2F
0-1: Ball
1-1: Called Strike
1-2: Strikes out swinging
Pitching: RHP Júlio Martínez
Batting: RHB Gilberto López 0-0: Ball
1-0: Fly out, F8 (Flyball, 8RM)
Batting: LHB Lewis Barr 0-0: Called Strike
0-1: Called Strike
0-2: Ball
1-2: Fly out, F9 (Flyball, 9M)
Top of the 8th over - 0 run(s), 0 hit(s), 0 error(s), 0 left on base; Lansing 9 - Houston 2
BOTTOM OF THE 8TH
Houston Hammertime batting - Pitching for Lansing Lugnuts : RHP Bob Newton
Batting: RHB Santo Cruz 0-0: Called Strike
0-1: Ball
1-1: Foul Ball, location: 2F
1-2: Ball
2-2: Ball
3-2: Base on Balls
Batting: RHB Mario Beltrán 0-0: Swinging Strike
0-1: Called Strike
0-2: Foul Ball, location: 2F
0-2: Foul Ball, location: 2F
0-2: Ball
1-2: Foul Ball, location: 2F
1-2: Ball
2-2: Strikes out swinging
Pitching: RHP Miguel Ramírez
Batting: LHB Fernando Camacho 0-0: Ball
1-0: Foul Ball, location: 2F
1-1: Ball
2-1: Ball
3-1: Base on Balls
Santo Cruz to second
Pinch Hitting: RHB Moo-hyun Pak 0-0: Ball
Wild Pitch!
Santo Cruz to third
Fernando Camacho to second
1-0: Swinging Strike
1-1: Foul Ball, location: 2F
1-2: Strikes out swinging
Batting: LHB José Villegas 0-0: Called Strike
0-1: Swinging Strike
0-2: Ball
1-2: Foul Ball, location: 2F
1-2: Foul Ball, location: 2F
1-2: Foul Ball, location: 2F
1-2: Strikes out swinging
Bottom of the 8th over - 0 run(s), 0 hit(s), 0 error(s), 2 left on base; Lansing 9 - Houston 2
TOP OF THE 9TH
Lansing Lugnuts batting - Pitching for Houston Hammertime : RHP Júlio Martínez
Now at 3B: Moo-hyun Pak
Batting: RHB Jesús Torres 0-0: Ball
1-0: Called Strike
1-1: Ball
2-1: Ground out 5-3 (Groundball, 5)
Batting: RHB Steve Hathaway 0-0: Called Strike
0-1: Ball
1-1: Ball
2-1: Foul Ball, location: 2F
2-2: Foul Ball, location: 2F
2-2: Foul Ball, location: 2F
2-2: Ground out 1-3 (Groundball, 25)
Batting: RHB Rafael González 0-0: Ball
1-0: Ball
2-0: Called Strike
2-1: Ball
3-1: Base on Balls
Batting: RHB Júlio Caraballo 0-0: Ball
1-0: Ball
2-0: Ball
3-0: Called Strike
3-1: Foul Ball, location: 2F
3-2: Fly out, F9 (Flyball, 89M)
Top of the 9th over - 0 run(s), 0 hit(s), 0 error(s), 1 left on base; Lansing 9 - Houston 2
BOTTOM OF THE 9TH
Houston Hammertime batting - Pitching for Lansing Lugnuts : RHP Miguel Ramírez
Now at C: Gordon Langley
Batting: RHB Buck Jones 0-0: Called Strike
0-1: Ground out 6-3 (Groundball, 6)
Batting: SHB Cristo Ontiveros 0-0: Ball
1-0: Ball
2-0: Ball
3-0: Base on Balls
Batting: RHB Gerald Burnett 0-0: Ball
1-0: Called Strike
1-1: Ball
2-1: SINGLE (Line Drive, 89M)
Cristo Ontiveros to second
Runner from 2nd tries for 3rd, SAFE, throw made to third
Pitching: RHP Paul McKee
Batting: RHB Emílio Carrillo 0-0: Ball
1-0: SINGLE (Groundball, 56D)
Cristo Ontiveros scores
Gerald Burnett to second
Batting: RHB Santo Cruz 0-0: Ball
1-0: Ball
2-0: Grounds into double play, 6-4-3 (Groundball, 6)
Bottom of the 9th over - 1 run(s), 2 hit(s), 0 error(s), 1 left on base; Lansing 9 - Houston 3
This league is powered by Out of the Park Baseball, the baseball management simulation game for PC, Mac and Linux
Wednesday, December 2nd, 2015 - OOTP Baseball 16.8 Build 38